 Dungeon Crawl Stone Soup version 0.23-a0-582-g1b4a0ca (webtiles) character file.

25 rgaf the Insei (level 3, 0/28 HPs)
             Began as a Gnoll Transmuter on Dec 16, 2018.
             Succumbed to an adder's poison
             ... on level 1 of the Dungeon.
             The game lasted 00:01:42 (442 turns).

rgaf the Insei (Gnoll Transmuter)                    Turns: 442, Time: 00:01:42

Health: 0/28       AC:  5    Str: 11 (12) XL:     3   Next: 6%
Magic:  9/9        EV: 12    Int: 13 (16) God:
Gold:   49         SH:  0    Dex: 14 (15) Spells: 10/11 levels left

rFire    . . .     SeeInvis .     - Unarmed
rCold    . . .     Gourm    .   (no shield)
rNeg     . . .     Faith    .   i - +0 ring mail
rPois    .         Spirit   .   (no helmet)
rElec    .         Reflect  .   (no cloak)
rCorr    .         Harm     .   (no gloves)
MR       .....                  (no boots)
Stlth    +.........             (no amulet)
HPRegen  0.09/turn              (no ring)
MPRegen  0.11/turn              (no ring)

@: lethally poisoned (0 -> -1)
A: distributed training, fangs 1, strong nose
a: no special abilities


You were on level 1 of the Dungeon.
You were not hungry.

You visited 1 branch of the dungeon, and saw 2 of its levels.

You collected 49 gold pieces.

Inventory:

Missiles
 a - 36 arrows
 k - 16 stones (quivered)
Armour
 b - a +0 robe
 i - a +0 ring mail (worn)
Scrolls
 c - a scroll of noise {unknown}
 f - a scroll of immolation {unknown}
 g - a scroll of blinking {unknown}
 h - a scroll of enchant weapon {unknown}
 j - a scroll of remove curse {unknown}
 l - a scroll of magic mapping {unknown}
Comestibles
 d - 2 rations


   Skills:
 + Level 2.5 Fighting
 + Level 0.5 Short Blades
 + Level 0.5 Long Blades
 + Level 0.5 Axes
 + Level 0.5 Maces & Flails
 + Level 0.5 Polearms
 + Level 0.5 Staves
 + Level 0.5 Slings
 + Level 0.5 Bows
 + Level 0.5 Crossbows
 + Level 0.5 Throwing
 + Level 0.5 Armour
 + Level 4.5 Dodging
 + Level 0.5 Stealth
 + Level 0.5 Shields
 + Level 6.5 Unarmed Combat
 + Level 4.9 Spellcasting
 + Level 0.4 Conjurations
 + Level 0.4 Hexes
 + Level 0.4 Charms
 + Level 0.4 Summonings
 + Level 0.4 Necromancy
 + Level 0.4 Translocations
 + Level 3.7 Transmutations
 + Level 0.4 Fire Magic
 + Level 0.4 Ice Magic
 + Level 0.4 Air Magic
 + Level 0.4 Earth Magic
 + Level 0.4 Poison Magic
 + Level 0.7 Invocations
 + Level 0.5 Evocations


You had 10 spell levels left.
You knew the following spells:

 Your Spells              Type           Power        Failure   Level  Hunger
a - Beastly Appendage     Tmut           ##....       10%         1    None

Your spell library contained the following spells:

 Spells                   Type           Power        Failure   Level  Hunger
 Sticks to Snakes         Tmut           ##......     16%         2    ##.....
 Spider Form              Tmut/Pois      #.........   52%         3    ###....
 Ice Form                 Ice/Tmut       #.......     89%         4    ####...
 Blade Hands              Tmut           ##........   95%         5    ######.


Dungeon Overview and Level Annotations

Branches:
Dungeon (2/15)

Altars:

Annotations:
D:2 Robin


Innate Abilities, Weirdness & Mutations

Your experience applies equally to all skills.
You have very sharp teeth.
Your uncanny sense of smell can sniff out nearby items.


Message History

There is a lethal amount of poison in your body!
* * * LOW HITPOINT WARNING * * *
You feel sick.
* * * LOW HITPOINT WARNING * * *
You feel sick.
* * * LOW HITPOINT WARNING * * *
You feel sick.
* * * LOW HITPOINT WARNING * * *
You feel sick.
* * * LOW HITPOINT WARNING * * *
You feel sick.
* * * LOW HITPOINT WARNING * * *
You feel sick.
* * * LOW HITPOINT WARNING * * *
You feel sick.
* * * LOW HITPOINT WARNING * * *
You feel sick.
Unknown command.
Unknown command.
You die...

#.# #.# #.# #<#
#.# #.# #.# #[#
#.#
#.######.######
#.#
####..........#
#.#
#.###.####)#
#.# #.# #.# #>#
###.### #.# #.#
#.# #.....###
#.# #.# #@#
#.###...######
#######.###.#
#.# #.
#.#.......
............#
#.#
#.###...######
#######.#####
#.# #.....###
#.# #.# #######
#.# #.# #.. ..#
### ###


There were no monsters in sight!

Vanquished Creatures
  An adder (D:1)
  A leopard gecko (D:1)
  A giant cockroach (D:1)
  A goblin (D:1)
  A hobgoblin (D:1)
  4 bats (D:1)
  7 frilled lizards (D:1)
  2 kobolds (D:1)
  A rat (D:1)
19 creatures vanquished.

Notes
Turn   | Place    | Note
-------+----------+-------------------------------------------
     0 | D:1      | rgaf the Gnoll Transmuter began the quest for the Orb.
     0 | D:1      | Reached XP level 1. HP: 17/17 MP: 6/6
   135 | D:1      | Reached XP level 2. HP: 19/23 MP: 7/7
   385 | D:1      | You fall through a shaft!
   385 | D:2      | Noticed Robin
   414 | D:1      | Reached XP level 3. HP: 9/28 MP: 9/9
   434 | D:1      | HP: 1/28 [poisoned by an adder]
   442 | D:1      | Succumbed to an adder's poison

Vault maps used:
D:1:      dpeg_arrival_tiny_j, minmay_lizard_king
D:2:      cheibrodos_helix_gallery, nicolae_overflow_hidden_temple,
          minivault_24, uniq_crazy_yiuf_cottage, uniq_robin, uniq_sigmund

Action                   || total
-------------------------++-------
Melee: Unarmed           ||    55
       Bite              ||     5
       Kick              ||     3
       Headbutt          ||     1
 Cast: Beastly Appendage ||     3
  Use: Potion            ||     1
Armor: Robe              ||     7
       Ring mail         ||    13
Dodge: Dodged            ||    50

Table legend:
 A = Non-vault XP
 B = Vault XP
 C = Vault XP percentage of total XP
 D = Non-vault monster count
 E = Vault monster count
 F = Vault count percentage of total count
                 A         B        C        D         E       F
            +---------+---------+-------+---------+---------+-------
      Total |      26 |      11 |  29.7 |      11 |       8 |  42.1
            +---------+---------+-------+---------+---------+-------
        D:1 |      26 |      11 |  29.7 |      11 |       8 |  42.1
            +---------+---------+-------+---------+---------+-------
